 Dungeon Crawl Stone Soup version 0.27-a0-1191-g601b473118 (webtiles) character file.

Game seed: 10090820996580213690

9328 Vomitron the Destroyer (level 11, -6/97 HPs)
             Began as a Red Draconian Conjurer on May 24, 2021.
             Was a Follower of Vehumet.
             Mangled by a skeletal warrior
             ... wielding a +0 battleaxe
              (17 damage)
             ... on level 9 of the Dungeon.
             The game lasted 00:27:21 (10898 turns).

Vomitron the Destroyer (Red Draconian Conjurer)    Turns: 10898, Time: 00:27:22

Health: -6/97      AC: 10    Str: 16    XL:     11   Next: 21%
Magic:  6/22       EV: 12    Int: 21    God:    Vehumet [*.....]
Gold:   469        SH:  0    Dex: 10    Spells: 18/25 levels left

rFire    + + .     SeeInvis .   L - +2 scimitar (flame)
rCold    . . .     Faith    .   (no shield)
rNeg     . . .     Spirit   .   (armour unavailable)
rPois    .         Reflect  .   (helmet restricted)
rElec    .         Harm     .   z - +1 cloak
rCorr    .         Rampage  .   s - +0 pair of gloves
Will     .....                  (no boots)
Stlth    ++........             (no amulet)
HPRegen  0.26/turn              a - +6 ring of strength
MPRegen  0.18/turn              o - ring of protection from fire

@: short of breath, studying Hexes
A: breathe fire, AC +7, unfitting armour, fire resistance 1, cold-blooded
a: Breathe Fire, Renounce Religion


You were on level 9 of the Dungeon.
You worshipped Vehumet.
Vehumet was aware of your devotion.
You visited 2 branches of the dungeon, and saw 10 of its levels.

You collected 519 gold pieces.
You spent 50 gold pieces at shops.

Inventory:

Hand Weapons
 L - a +2 scimitar of flaming (weapon)
Missiles
 g - 6 atropa-tipped darts
Armour
 c - a +0 buckler
 s - a +0 pair of gloves (worn)
 z - a +1 cloak (worn)
Magical Staves
 p - a staff of cold
 M - a staff of poison
Jewellery
 a - a +6 ring of strength (left hand)
 f - an amulet of guardian spirit
 m - a ring of protection from fire
 n - a +6 ring of strength
 o - a ring of protection from fire (right hand)
 v - an amulet of faith
 C - the ring "Vyitaomu" {Drain Fly rPois Dex+4}
   (You found it on level 6 of the Dungeon)

   [ring of poison resistance]

   It affects your dexterity (+4).
   It protects you from poison.
   It grants you flight.
   It drains your maximum health when unequipped.
 K - an amulet of regeneration
Wands
 q - a wand of mindburst (13)
 r - a wand of acid (14)
 y - a wand of flame (11)
 B - a wand of paralysis (6)
 J - a wand of iceblast (8)
Scrolls
 d - 7 scrolls of noise
 h - 4 scrolls of teleportation
 k - 2 scrolls of amnesia
 l - a scroll of immolation
 A - 2 scrolls of blinking
 F - a scroll of enchant armour
 H - a scroll of fog {unknown}
 N - a scroll of identify
Potions
 b - 4 potions of curing
 e - a potion of might {unknown}
 i - 2 potions of haste
 j - a potion of degeneration
 t - a potion of attraction {unknown}
 u - 3 potions of invisibility
 w - a potion of cancellation {unknown}
 x - 2 potions of heal wounds
 D - 2 potions of flight
 E - a potion of lignification {unknown}
 G - a potion of berserk rage {unknown}
 I - a potion of ambrosia {unknown}


   Skills:
 + Level 9.0 Fighting
 - Level 1.7 Dodging
 - Level 1.8 Stealth
 + Level 0.4 Shields
 - Level 0.4 Unarmed Combat
 + Level 7.9 Spellcasting
 + Level 11.5 Conjurations
 + Level 6.4 Hexes
 + Level 4.8 Translocations


You had 18 spell levels left.
You knew the following spells:

 Your Spells              Type           Power      Damage    Failure   Level
a - Magic Dart            Conj           100%       1d8       1%          1
b - Searing Ray           Conj           100%       3d7       1%          2
c - Iskenderun's Mystic   Conj/Tloc      42%        2d10      2%          4

Your spell library contained the following spells:

 Spells                   Type           Power      Damage    Failure   Level
 Sandblast                Erth           16%        2d6       9%          1
 Dazzling Flash           Conj/Hex       92%        N/A       1%          3
 Fulminant Prism          Conj/Hex       23%        3d13      1%          4


Dungeon Overview and Level Annotations

Branches:
Dungeon (9/15)             Temple (1/1) D:7            Lair (0/6) D:8
    Orc: D:9-12

Altars:
Ashenzari
Cheibriados
Dithmenos
Elyvilon
Fedhas
Gozag
Hepliaklqana
Kikubaaqudgha
Makhleb
Nemelex Xobeh
Okawaru
Qazlal
Ru
Sif Muna
Trog
Uskayaw
Vehumet
Wu Jian
Xom
Yredelemnul
Zin
The Shining One

Shops:
D:3 :   D:4 !   D:5 =

Annotations:
D:7 2 transporters, IEatYoBabies's ghost, journeyman OpVM


Innate Abilities, Weirdness & Mutations

You can breathe blasts of fire.
Your fiery red scales are hard. (AC +7)
You cannot fit into any form of body armour.
Your flesh is heat resistant. (rF+)
You are cold-blooded and may be slowed by cold attacks.


Message History

Casting: Searing Ray (safe; 1% risk of failure)
Confirm with . or Enter, or press ? or * to list all spells.
Aiming: Searing Ray (safe; 1% risk of failure)
Press: ? - help, Shift-Dir - straight line, f - hornet zombie
Aim: a hornet zombie (lightly damaged, 85% to hit)
The searing ray hits the skeletal warrior but does no damage.
The skeletal warrior is severely damaged.
The searing ray misses the centaur warrior.
The searing ray misses the killer bee.
The searing ray hits the hornet zombie!
The hornet zombie is moderately damaged. (Press . to maintain the ray.)
The skeletal warrior is engulfed in blazing flames.
The skeletal warrior hits you with a +0 battleaxe!
Unknown command.
Unknown command.
The searing ray misses the skeletal warrior.
The searing ray hits the centaur warrior.
The centaur warrior is severely wounded.
The searing ray hits the killer bee!
You kill the killer bee!
Vehumet accepts your kill.
You feel your power returning.
The searing ray hits the hornet zombie!
The hornet zombie is heavily damaged.
The skeletal warrior hits you with a +0 battleaxe.
The searing ray hits the skeletal warrior but does no damage.
The skeletal warrior is almost destroyed.
The searing ray hits the centaur warrior!
The centaur warrior is almost dead.
The searing ray misses the vampire.
The skeletal warrior hits you with a +0 battleaxe!!
* * * LOW HITPOINT WARNING * * *
The searing ray hits the skeletal warrior.
The skeletal warrior is almost destroyed.
The searing ray hits the hornet zombie.
The hornet zombie is heavily damaged.
The searing ray hits the vampire!
The vampire is moderately damaged.
You finish channeling your searing ray.
The skeletal warrior hits you with a +0 battleaxe!
You die...

........'###...............
........#.####.............
........##.#####...........
#######.###.## ###.........
..# ##.#######....... ..#
##......###..... ...#
##.#####...###... #..###.##
.###. #@## ...## #z## .....
#Z ..... #V ..... #) ...##
#. . #. ## #... .... ####


You could see a skeletal warrior, a vampire and a hornet zombie.

Vanquished Creatures
  Erica (D:8)
  6 death yaks (D:8)
  A steam dragon (D:5)
  A basilisk (D:9)
  5 yaks (D:5)
  Grum (D:8)
  Menkaure (D:7)
  An acid dragon (D:8)
  A water moccasin (D:4)
  2 orc warriors
  A sky beast (D:3)
  An ice beast (D:8)
  A black bear (D:6)
  4 ogres
  2 centaurs
  A necrophage (D:5)
  4 wolves (D:8)
  Blork the orc (D:4)
  2 bullfrogs
  A wyvern zombie (D:7)
  5 scorpions
  2 killer bees (D:9)
  A wight (D:9)
  2 howler monkeys
  A bullfrog zombie (D:6)
  3 centaur zombies
  A bullfrog skeleton (D:6)
  9 orc priests
  A jelly (D:7)
  A gnoll shaman (D:9)
  3 hounds
  Crazy Yiuf (D:4)
  4 iguanas
  10 orc wizards
  2 hound zombies (D:5)
  A hound skeleton (D:4)
  A howler monkey zombie (D:8)
  14 gnolls
  7 adders
  A shadow imp (D:7)
  A white imp (D:6)
  An ufetubus (D:6)
  A worm (D:2)
  11 dart slugs
  36 orcs
  7 ball pythons
  9 endoplasms
  3 giant cockroaches
  8 goblins
  6 hobgoblins
  6 jackals
  2 quokkas (D:1)
  8 bats
  2 frilled lizards (D:2)
  8 kobolds
  3 rats
220 creatures vanquished.

Vanquished Creatures (others)
  An orc wizard (D:8)
1 creature vanquished.

Grand Total: 221 creatures vanquished

Notes
Turn   | Place    | Note
-------+----------+-------------------------------------------
     0 | D:1      | Vomitron the Draconian Conjurer began the quest for the
                  | Orb.
     0 | D:1      | Reached XP level 1. HP: 14/14 MP: 3/3
     6 | D:1      | Noticed a hog
     6 | D:1      | Noticed a swamp worm
     6 | D:1      | Noticed an iguana
     7 | D:1      | Noticed a black mamba
     7 | D:1      | Noticed a six-headed hydra
   205 | D:1      | Reached XP level 2. HP: 17/20 MP: 1/5
   497 | D:1      | Reached XP level 3. HP: 26/26 MP: 0/6
   509 | D:1      | Learned a level 2 spell: Searing Ray
   912 | D:1      | Reached skill level 5 in Conjurations
  1174 | D:1      | You fall into a shaft and drop 1 floor!
  1617 | D:1      | Found a faded altar of an unknown god.
  1801 | D:2      | Reached skill level 1 in Fighting
  1874 | D:2      | Reached XP level 4. HP: 32/35 MP: 3/7
  3433 | D:3      | Noticed a sky beast
  3448 | D:3      | Killed a sky beast
  3449 | D:3      | Reached skill level 6 in Conjurations
  3449 | D:3      | Reached XP level 5. HP: 32/42 MP: 0/9
  3652 | D:3      | Found Aneado's Book Shop.
  3738 | D:3      | Reached XP level 6. HP: 50/50 MP: 0/10
  4269 | D:4      | Your scales start taking on a fiery red colour.
  4269 | D:4      | Reached XP level 7. HP: 50/57 MP: 4/12
  4269 | D:4      | Gained mutation: Your flesh is heat resistant. (rF+) [Red
                  | Draconian growth]
  4294 | D:4      | Reached skill level 7 in Conjurations
  4305 | D:4      | HP: 2/57 [poisoned by a kobold]
  4666 | D:4      | Noticed Blork the orc
  4702 | D:4      | Killed Blork the orc
  4977 | D:4      | Found a runed translucent door.
  4978 | D:4      | Noticed Crazy Yiuf
  5036 | D:4      | Found Fosoaxo's Distillery.
  5048 | D:4      | Bought a potion of heal wounds for 50 gold pieces
  5109 | D:4      | Killed Crazy Yiuf
  5175 | D:5      | Entered Level 5 of the Dungeon
  5220 | D:5      | Noticed a steam dragon
  5224 | D:5      | Killed a steam dragon
  5271 | D:5      | Reached skill level 8 in Conjurations
  5271 | D:5      | Reached XP level 8. HP: 60/67 MP: 1/14
  5618 | D:5      | Reached skill level 5 in Fighting
  5697 | D:5      | Reached skill level 5 in Spellcasting
  5926 | D:5      | Reached skill level 9 in Conjurations
  5932 | D:5      | Reached XP level 9. HP: 47/75 MP: 6/17
  6057 | D:5      | Found Cawoehev's Jewellery Shoppe.
  6488 | D:5      | Found a snail-covered altar of Cheibriados.
  6886 | D:6      | Reached skill level 10 in Conjurations
  7533 | D:6      | Identified the ring "Vyitaomu" {Drain Fly rPois Dex+4}
  7896 | D:7      | Learned a level 4 spell: Iskenderun's Mystic Blast
  8033 | D:7      | Found a staircase to the Ecumenical Temple.
  8099 | Temple   | Entered the Ecumenical Temple
  8142 | Temple   | Became a worshipper of Vehumet
  8207 | D:7      | Noticed IEatYoBabies's ghost (journeyman OpVM)
  8209 | D:7      | Found a transporter.
  8266 | D:7      | Reached skill level 1 in Hexes
  8344 | D:7      | Reached skill level 1 in Translocations
  8519 | D:7      | Found a transporter.
  8580 | D:7      | Noticed Menkaure
  8586 | D:7      | Killed Menkaure
  8965 | D:8      | Reached XP level 10. HP: 77/86 MP: 14/20
  9065 | D:8      | Noticed a death yak
  9067 | D:8      | Noticed a death yak
  9068 | D:8      | Found a staircase to the Lair.
  9073 | D:8      | Noticed a death yak
  9083 | D:8      | Noticed a death yak
  9084 | D:8      | Killed a death yak
  9086 | D:8      | Killed a death yak
  9086 | D:8      | Noticed a death yak
  9088 | D:8      | Killed a death yak
  9088 | D:8      | Noticed a death yak
  9089 | D:8      | Reached skill level 11 in Conjurations
  9439 | D:8      | Noticed Grum
  9447 | D:8      | Killed Grum
  9449 | D:8      | Noticed Erica
  9486 | D:8      | Killed Erica
  9487 | D:8      | Reached skill level 5 in Hexes
  9633 | D:8      | Killed a death yak
  9635 | D:8      | Killed a death yak
  9636 | D:8      | Reached XP level 11. HP: 10/95 MP: 4/22
  9649 | D:8      | Killed a death yak
 10175 | D:8      | Reached * piety under Vehumet
 10175 | D:8      | Offered knowledge of Sandblast by Vehumet.
 10882 | D:9      | Noticed a deep elf pyromancer
 10884 | D:9      | Noticed a centaur warrior
 10886 | D:9      | Noticed a skeletal warrior
 10898 | D:9      | Mangled by a skeletal warrior

Illustrated notes

Levels and vault maps discovered:
D:1:      onia_arrival_zoo_common, layout_basic,
          hellmonk_ecumenical_altar_crossroads, chequers_garden
D:2:      layout_loops_ring, nrook_campfire
D:3:      layout_loops_corners, serial_shops, shop
D:4:      layout_rooms, serial_shops, kennysheep_little_box,
          uniq_crazy_yiuf_cottage, uniq_blork_the_orc
D:5:      layout_loops_ring, nicolae_overflow_hidden_temple, serial_shops,
          nicolae_shop_statue_plus, chequers_hall_statues_y, minmay_manual_moon
D:6:      layout_rooms
D:7:      layout_loops_ring, minmay_temple_entry_trees, gammafunk_ghost_arena,
          minmay_misc_feat_columns, chequers_serial_rivers_small_3,
          wad_floor_pattern_untrapped, uniq_menkaure
D:8:      layout_loops_ring, dpeg_lair_monsters, uniq_erica, uniq_grum
D:9:      minmay_the_grid_triangle_9x9_recursive_2_mashed
          [minmay_the_grid_triangle_9x9_prize_center,
          minmay_the_grid_triangle_9x9_minimal,
          minmay_the_grid_triangle_9x9_alien,
          minmay_the_grid_triangle_9x9_empty], layout_long_grid,
          kennysheep_orc_monster_closet_entryway, minivault_26
Temple:   nicolae_temple_the_god_donut

Skill      XL: |  1  2  3  4  5  6  7  8  9 10 11 |
---------------+----------------------------------+-----
Conjurations   | 5 6 8 9 10 11 | 11.5
Fighting       | 1 2 3 4 6 7 8 9 |  9.0
Spellcasting   | 3 4 5 6 7 |  7.9
Hexes          | 2 6 |  6.4
Translocations | 1 4 |  4.8
Dodging        | |  1.7
Stealth        | |  1.8
Shields        | |  0.4
Unarmed Combat | |  0.4

Action                   |  1- 3 |  4- 6 |  7- 9 | 10-12 || total
-------------------------+-------+-------+-------+-------++-------
Melee: Unarmed           |     4 |       |       |       ||     4
       Dagger            |    28 |    24 |    63 |     2 ||   117
       Tailslap          |     3 |     3 |     4 |     1 ||    11
       Scimitar          |       |       |       |    19 ||    19
 Cast: Magic Dart        |    83 |    52 |    39 |    21 ||   195
       Searing Ray       |     1 |    13 |    45 |    29 ||    88
       Iskenderun's Myst |       |       |       |     1 ||     1
 Abil: Breathe Fire      |       |       |    37 |    12 ||    49
Evoke: Wand              |       |       |       |     1 ||     1
  Use: Scroll            |       |     1 |    12 |       ||    13
       Potion            |       |       |       |     1 ||     1
 Stab: Sleeping          |     1 |     1 |     1 |       ||     3
Armor: Skin              |    16 |    15 |    30 |    20 ||    81
Dodge: Dodged            |    25 |    19 |    63 |    36 ||   143
       Rpst.: Scimitar   |       |       |       |    14 ||    14

Table legend: (Time is in decaauts)
 A = Elapsed time spent in this place.
 B = Non-inter-level travel time spent in this place.
 C = Inter-level travel time spent in this place.
 D = Time resting spent in this place.
 E = Time spent auto-exploring this place.
 F = Levels seen in this place.
 G = Mean time per level.
                   A        B        C        D        E       F      G
               +--------+--------+--------+--------+--------+-----+--------+
         Total |  10912 |  10471 |    441 |   2588 |   6357 |  10 | 1091.2 |
       Dungeon |  10853 |  10428 |    425 |   2588 |   6347 |   9 | 1205.9 |
        Temple |     59 |     43 |     16 |      0 |     10 |   1 |   59.0 |
               +--------+--------+--------+--------+--------+-----+--------+

Top non-repeatable levels by time:
     D:8: 1701 daAuts
     D:3: 1537 daAuts
     D:5: 1536 daAuts
     D:1: 1532 daAuts
     D:4: 1351 daAuts
     D:7: 1204 daAuts
     D:2: 985 daAuts
     D:6: 809 daAuts
     D:9: 195 daAuts
  Temple: 59 daAuts
